AoeStats
← u.rubiomartin

Arabia

506458545Analyzed
2v2 RM · 18d ago on Sep 13, 2026· 45m 12s· 4 players
Game mode
Random Map
Map size
Medium (4 player)
Population
200
Speed
Normal
Resources
Standard
Victory
Conquest
Starting age
Dark Age
Ending age
Imperial Age
RankedLock teamsTeams togetherTeam positionsShared explorationLock speedFull tech treeHidden civsTurbo modeCheats
Victory
Defeat
🇲🇽 Italians · Mexico
620
+20
🇺🇸 Khmer · United States
615
+20
🇪🇸 Romans · Spain
752
-22
🇪🇸 Teutons · Spain
662
-18
dlwag77
2:55 Loom
10:39 Feudal Age
12:46 Wheelbarrow
16:08 Castle Age
14:13 Double-Bit Axe
14:13 Horse Collar
18:18 Pikeman
20:34 Bow Saw
22:10 Heavy Plow
24:18 Gold Mining
24:54 Fletching
26:02 Bodkin Arrow
27:07 Forging
28:29 Iron Casting
29:42 Ballistics
33:24 Imperial Age
32:36 Scale Mail Armor
32:39 Murder Holes
32:55 Masonry
34:10 Hand Cart
33:41 Town Watch
34:24 Bracer
35:46 Chemistry
35:15 Heavy Scorpion
37:05 Siege Engineers
37:31 Architecture
40:20 Halberdier
41:57 Crop Rotation
41:50 Conscription
42:35 Blast Furnace
41:53 Chain Mail Armor
42:20 Scale Barding Armor
42:25 Town Patrol
44:38 Double Crossbow
Troy
JJMartin
17:23 Feudal Age
16:00 Loom
17:56 Double-Bit Axe
18:50 Wheelbarrow
18:51 Horse Collar
18:33 Man-at-Arms
26:19 Castle Age
26:30 Forging
26:22 Scale Mail Armor
27:42 Gold Mining
27:43 Stone Mining
27:23 Long Swordsman
28:05 Squires
31:48 Ballistics
34:09 Masonry
34:57 Iron Casting
34:57 Chain Mail Armor
34:53 Ballistas
35:05 Murder Holes
41:13 Hand Cart
44:03 Imperial Age
44:28 Heavy Scorpion
u.rubiomartin
3:11 Loom
13:05 Feudal Age
13:34 Horse Collar
13:42 Double-Bit Axe
14:38 Wheelbarrow
13:50 Town Watch
15:31 Gold Mining
16:25 Forging
16:50 Stone Mining
19:42 Bloodlines
24:53 Castle Age
25:43 Scale Barding Armor
26:14 Iron Casting
25:53 Bow Saw
25:54 Heavy Plow
26:42 Stone Shaft Mining
26:18 Pikeman
26:59 Squires
28:07 Town Patrol
30:11 Hand Cart
31:30 Caravan
31:59 Squires
31:47 Arson
32:29 Scale Mail Armor
33:03 Ballistics
37:02 Imperial Age
37:27 Chain Barding Armor
37:03 Gambesons
37:47 Cavalier
39:55 Ironclad
40:15 Plate Barding Armor
40:41 Blast Furnace
39:58 Halberdier
42:31 Chemistry
43:22 Crop Rotation
44:11 Elite Teutonic Knight
Connection lost

Rejoining the realm…

Still unreachable

The connection could not be restored.

Session expired

The server has moved on; the page needs a fresh start.